 Dungeon Crawl Stone Soup version 0.30.0-15-g856e2d3f33 (webtiles) character file.

Game seed: 16621514092666790449

118475 qw the Severer (level 16, -6/108 HPs)
             Began as a Gargoyle Fighter on May 19, 2023.
             Was an Elder of Okawaru.
             Mangled by a kraken (8 damage)
             ... on level 2 of the Shoals.
             The game lasted 00:14:36 (25719 turns).

qw the Severer (Gargoyle Fighter)                  Turns: 25719, Time: 00:14:37

Health: -6/108     AC: 47    Str: 34    XL:     16   Next: 76%
Magic:  21/23      EV: 16    Int:  9    God:    Okawaru [****..]
Gold:   768        SH:  7    Dex:  9    Spells: 15/15 levels left

rFire   + + .        m - +9 war axe (heavy)
rCold   + + .        w - +0 buckler {rC+}
rNeg    + . .        e - +3 plate armour {rF+}
rPois   inf          h - +1 helmet
rElec   +            x - +0 cloak
rCorr   .            y - +0 pair of gloves "Kiownit" {Str+3}
SInv    .            A - +1 pair of boots
Will    +....        F - amulet of the acrobat Stlth
                     G - ring of Trepidation {rF+ rC+ AC+4 Str+3}
HPRegen 0.38/turn    s - +5 ring of evasion
MPRegen 0.18/turn

%: acrobat
@: about to teleport, heroic, flying
A: sickness immunity, AC +12, big wings, negative energy resistance 1,
electricity resistance, torment resistance 1, petrification resistance
a: Renounce Religion, Heroism, Finesse


You were on level 2 of the Shoals.
You worshipped Okawaru.
Okawaru was greatly pleased with you.
You visited 5 branches of the dungeon, and saw 25 of its levels.
You also visited: Ossuary.

You collected 3015 gold pieces.
You spent 2247 gold pieces at shops.


Innate Abilities, Weirdness & Mutations

You are immune to sickness and miasma.
Your stone body is resilient. (AC +12)
You are immune to poison.
Your large and strong wings let you fly.
You resist negative energy. (rN+)
You are resistant to electric shocks. (rElec)
You are resistant to unholy torment.
You are immune to petrification.


   Skills:
 + Level 15.0(20.0) Fighting
 - Level 16.0(21.0) Axes
 - Level 7.4(12.4) Throwing
 - Level 15.0(20.0) Armour
 - Level 4.0(9.0) Dodging
 - Level 10.1(15.1) Shields
 - Level 10.1 Invocations


You had 15 spell levels left.
You didn't know any spells.
Your spell library was empty.

Inventory:

Hand Weapons
 m - a +9 heavy war axe (weapon)
 C - a +5 morningstar of protection
Missiles
 c - 18 boomerangs
 D - a javelin (quivered)
Armour
 a - +0 acid dragon scales
 e - a +3 plate armour of fire resistance (worn)
 h - a +1 helmet (worn)
 q - the +7 Kryia's mail coat {PotionHeal*2 rC+}
   (You found it on level 5 of the Dungeon)

   PotionHeal*2: Potions heal its wearer twice as much.
   rC:        It protects you from cold.
 w - a +0 buckler of cold resistance (worn)
 x - a +0 cloak (worn)
 y - the +0 pair of gloves "Kiownit" (worn) {Str+3}
   (Okawaru gifted it to you on level 14 of the Dungeon)

   Str:       It affects your strength (+3).
 A - a +1 pair of boots (worn)
Jewellery
 s - a +5 ring of evasion (right hand)
 u - a ring of resist corrosion
 B - the ring of the Chupacabra {rC+ MP+9 Int+8 Dex-3 Slay+3}
   (You bought it in a shop on level 12 of the Dungeon)

   [ring of protection from cold]

   Int:       It affects your intelligence (+8).
   Dex:       It affects your dexterity (-3).
   Slay:      It affects your accuracy & damage with ranged weapons and melee
   (+3).
   rC:        It protects you from cold.
   MP:        It affects your magic capacity (+9).
 F - an amulet of the acrobat (around neck)
 G - the ring of Trepidation (left hand) {rF+ rC+ AC+4 Str+3}
   (You found it on level 2 of the Shoals)

   [ring of protection]

   AC:        It affects your AC (+4).
   Str:       It affects your strength (+3).
   rF:        It protects you from fire.
   rC:        It protects you from cold.
Wands
 t - a wand of digging (10)
Scrolls
 b - 5 scrolls of teleportation
 f - 13 scrolls of identify
 k - 4 scrolls of enchant weapon
Potions
 d - 3 potions of might
 g - 7 potions of lignification
 i - 2 potions of resistance
 j - 12 potions of curing
 n - 10 potions of haste
 o - 2 potions of attraction
 p - 3 potions of mutation
 r - 5 potions of magic
 z - 2 potions of heal wounds

Dungeon Overview and Level Annotations

Branches:
Dungeon (15/15)            Temple (1/1) D:4            Lair (5/5) D:11
 Shoals (2/4) Lair:2       Spider (0/4) Lair:2        Slime (0/5) Lair:4
    Orc (2/2) D:9             Elf (0/3) Orc:2        Vaults (0/5) D:13
 Depths (0/4) D:15        Ossuary (visited)

Altars:
Ashenzari
Cheibriados
Dithmenos
Elyvilon
Fedhas
Gozag
Hepliaklqana
Kikubaaqudgha
Makhleb
Nemelex Xobeh
Okawaru
Qazlal
Ru
Sif Muna
Trog
Uskayaw
Vehumet
Wu Jian
Xom
Yredelemnul
Zin
The Shining One
Jiyva

Shops:
D:2 !   D:8 *   D:12 *   D:14 *   Orc:2 :!?(   Shoals:1 *

Annotations:
D:5 2 transporters
D:7 1 runed translucent door, qw's ghost, novice GrFi
D:15 1 runed translucent door
Lair:5 1 runed translucent door
Shoals:2 1 runed translucent door


Message History

You hear a splash. x2
You slice the tentacle like a ripe choko!!!
You kill the tentacle!
You barely miss the tentacle. You hit the kraken but do no damage.
The merfolk hits you from afar with a +0 trident!
The tentacle completely misses you.
The merfolk hits you but does no damage.
The merfolk aquamancer gestures at you while chanting.
The shard of ice hits you!!! You partially resist.
The merfolk hits you but does no damage.
Your base Shields skill increases to level 10!
25717 ||| READING 6 scrolls of teleportation.
As you read the scroll of teleportation, it crumbles to dust.
You feel strangely unstable.
The tentacle slaps you but does no damage.
You block the kraken's attack.
The merfolk aquamancer casts a spell.
The merfolk aquamancer blinks!
The merfolk barely misses you.
The tentacle slaps you but does no damage.
The kraken bites you! The merfolk completely misses you.
You block the merfolk's attack.
25718 ||| DRINKING 3 potions of heal wounds.
You feel much better. You block the tentacle's attack.
The merfolk barely misses you. The kraken misses you.
The merfolk aquamancer hits you but does no damage.
The merfolk hits you but does no damage.
The merfolk misses you. The merfolk barely misses you.
The tentacle barely misses you.
You barely miss the tentacle. You cut the kraken into ribbons!!!
You closely miss the merfolk aquamancer.
The kraken bites you!! The merfolk closely misses you.
You block the tentacle's attack.
The merfolk aquamancer gestures wildly while chanting.
The merfolk aquamancer blinks!
The merfolk completely misses you.
The merfolk aquamancer hits you but does no damage.
The merfolk hits you but does no damage.
The merfolk hits you from afar with a +0 trident.
The kraken bites you!
You die...

########################
~~~~~m~~~~~~~~~~~~~~~~~~
~~~~~mXmw~~~~~~~~~~~~~~~
~~~mmm~@~~~~~~~~~~~~~~~~
~ยค~~~m~%~~~~~~~~~~~~~~~~
~~#######~~~~~~~~~~~~~~~
~'#mmmmk##~~~~~~~~~~..~~
##mmm..m.##~~~~~~~~=...~
#mmm......#~~~~~~~~....~
#...###..m#~~~~~~~~~..~~
#...#0#...#~~~~~~~~~~~~~
+...#~~~~~~~~~~~~~


You could see a kraken, a merfolk avatar, a merfolk impaler, 2 merfolk
javelineers, 2 merfolk aquamancers, a wind drake (repels missiles), 12 merfolk,
a tentacle and a merfolk siren.

Vanquished Creatures
  3 krakens
  Kirke (D:13)
  Ilsuiw (Shoals:2)
  Aizul (Lair:2)
  An orc warlord (Orc:2)
  Snorg (D:14)
  3 merfolk impalers
  A fire dragon (Lair:5)
  A quicksilver dragon skeleton (D:15)
  A yaktaur captain (D:13)
  2 merfolk javelineers
  5 hydras
  Erica (Lair:2)
  A two-headed ogre (D:11)
  8 boulder beetles
  2 merfolk avatars
  3 merfolk aquamancers
  16 death yaks
  3 centaur warriors
  An orc high priest (Orc:2)
  4 skysharks
  A skeletal warrior (D:15)
  A flayed ghost (D:15)
  3 sea snakes
  Lodul (D:10)
  A swamp dragon (Lair:5)
  Pikel (D:7)
  A necromancer (D:15)
  8 harpies
  An orc knight (Orc:1)
  A shadow dragon skeleton (D:15)
  A deep elf pyromancer (D:15)
  A lindwurm (Lair:5)
  6 orc sorcerers
  19 ugly things
  2 cyclopes
  6 manticores
  A salamander (shapeshifter) (D:14)
  5 black mambas
  2 water nymphs (Shoals:1)
  5 merfolk sirens
  Joseph (D:7)
  7 gargoyles
  8 torpor snails
  9 cane toads
  A kobold demonologist (D:13)
  6 rime drakes
  A freezing wraith (D:15)
  11 komodo dragons
  2 efreet (D:9)
  A guardian mummy (D:15)
  3 yaktaurs
  A hornet (shapeshifter) (D:13)
  3 wind drakes
  8 hornets (Lair:5)
  A polar bear (Lair:2)
  7 trolls
  4 tyrant leeches (Lair:5)
  19 merfolk
  12 blink frogs
  2 snapping turtles (Shoals:2)
  An ettin zombie (D:15)
  4 dream sheep (D:7)
  14 slime creatures
  A shadow (D:10)
  3 wyverns
  5 basilisks
  50 yaks
  3 hogs (D:13)
  8 water elementals
  Grum (D:11)
  3 wraiths
  3 humans (D:13)
  A redback simulacrum (D:15)
  2 steam dragons
  8 vampire mosquitoes
  A redback (Lair:2)
  4 wargs
  Menkaure (D:6)
  9 water moccasins
  5 acid dragons
  A swamp drake (Lair:5)
  25 orc warriors
  An ice beast (D:7)
  11 wolves
  11 centaurs
  13 ogres
  2 lemures (D:7)
  2 phantoms
  5 kobold brigands
  An elf zombie (Ossuary)
  A gnoll sergeant (D:7)
  12 bullfrogs
  5 scorpions
  6 wights
  20 killer bees
  2 howler monkeys (D:8)
  3 electric eels
  2 centaur zombies (Ossuary)
  21 orc priests
  2 human zombies
  6 jellies
  2 gnoll boudas
  6 hounds
  A sleepcap (D:5)
  5 hell rats (Lair:5)
  27 orc wizards
  5 iguanas
  2 hound zombies (Ossuary)
  3 mummies (Ossuary)
  Robin (D:2)
  16 gnolls
  8 adders
  5 shadow imps
  14 white imps
  5 adder zombies (Ossuary)
  3 worms
  6 dart slugs
  70 orcs
  6 endoplasms
  6 giant cockroaches
  2 gnoll zombies (Ossuary)
  17 goblins
  12 hobgoblins
  3 jackals (D:1)
  25 kobolds
  3 quokkas
  6 ball pythons
  8 bats
  5 hobgoblin zombies (Ossuary)
  4 jackal zombies (Ossuary)
  4 kobold zombies (Ossuary)
  An orc zombie (Ossuary)
  5 quokka zombies (Ossuary)
  3 rats
  4 rat zombies (Ossuary)
  8 tentacles
814 creatures vanquished.

Vanquished Creatures (others)
  A merfolk (Lair:2)
  An orc wizard (Orc:2)
  18 tentacles
20 creatures vanquished.

Grand Total: 834 creatures vanquished

Notes
Turn   | Place    | Note
-------+----------+-------------------------------------------
     0 | D:1      | qw the Gargoyle Fighter began the quest for the Orb.
     0 | D:1      | Reached XP level 1. HP: 14/14 MP: 1/1
     0 | D:1      | 0 ||| qw: Version: 0.2-a-96-g8eb1148
     0 | D:1      | 0 ||| qw: Game counter: 23
     0 | D:1      | 0 ||| qw: Always use a shield: true
     0 | D:1      | 0 ||| qw: God list: Okawaru
     0 | D:1      | 0 ||| qw: Allow faded altars: false
     0 | D:1      | 0 ||| qw: Do Orc after D:15 true
     0 | D:1      | 0 ||| qw: Do second Lair branch before Depths: true
     0 | D:1      | 0 ||| qw: Lair rune preference: random
     0 | D:1      | 0 ||| qw: Plans: Normal, Zot:1-4, God:TSO, Crypt, Tomb,
                  | Pan, Slime:5, Hells, Abyss, Win
     0 | D:1      | 0 ||| PLANNING D:1-11
   102 | D:1      | Reached skill level 2 in Axes
   237 | D:1      | 237 ||| READING 2 scrolls labelled AQUTEPPUMU.
   238 | D:1      | 238 ||| READING scroll labelled RESOIPINEF.
   252 | D:1      | Reached XP level 2. HP: 19/19 MP: 2/2
   325 | D:1      | 325 ||| Stepping ~*~*~tactically~*~*~ (hiding).
   329 | D:1      | 329 ||| Stepping ~*~*~tactically~*~*~ (hiding).
   330 | D:1      | 330 ||| Stepping ~*~*~tactically~*~*~ (hiding).
   332 | D:1      | 332 ||| Stepping ~*~*~tactically~*~*~ (hiding).
   333 | D:1      | 333 ||| Stepping ~*~*~tactically~*~*~ (hiding).
   375 | D:1      | 375 ||| Stepping ~*~*~tactically~*~*~ (stealth).
   377 | D:1      | 377 ||| Stepping ~*~*~tactically~*~*~ (stealth).
   399 | D:1      | 399 ||| Stepping ~*~*~tactically~*~*~ (stealth).
   406 | D:1      | Reached skill level 3 in Axes
   582 | D:1      | 582 ||| Stepping ~*~*~tactically~*~*~ (hiding).
   590 | D:1      | Reached XP level 3. HP: 23/23 MP: 3/3
   834 | D:1      | 834 ||| READING scroll labelled WIXAPHA ETEODD.
   838 | D:1      | 838 ||| READING scroll labelled XODIBUTARO.
   839 | D:1      | 839 ||| DROPPING scroll of magic mapping.
   885 | D:2      | 885 ||| Stepping ~*~*~tactically~*~*~ (stealth).
   894 | D:2      | Reached skill level 1 in Throwing
   900 | D:2      | HP: 3/23 [gnoll/+0 spear (3)]
   903 | D:2      | Reached XP level 4. HP: 5/28 MP: 4/4
   996 | D:2      | 996 ||| READING scroll labelled FUPLAA QUCIFI.
  1021 | D:2      | 1021 ||| STAIRDANCE
  1025 | D:2      | 1025 ||| STAIRDANCE
  1029 | D:2      | 1029 ||| STAIRDANCE
  1033 | D:2      | 1033 ||| STAIRDANCE
  1037 | D:2      | 1037 ||| STAIRDANCE
  1041 | D:2      | 1041 ||| STAIRDANCE
  1045 | D:2      | 1045 ||| STAIRDANCE
  1049 | D:2      | 1049 ||| STAIRDANCE
  1053 | D:2      | 1053 ||| STAIRDANCE
  1057 | D:2      | 1057 ||| STAIRDANCE
  1061 | D:2      | 1061 ||| STAIRDANCE
  1065 | D:2      | 1065 ||| STAIRDANCE
  1069 | D:2      | 1069 ||| STAIRDANCE
  1073 | D:2      | 1073 ||| STAIRDANCE
  1077 | D:2      | 1077 ||| STAIRDANCE
  1081 | D:2      | 1081 ||| STAIRDANCE
  1085 | D:2      | 1085 ||| STAIRDANCE
  1089 | D:2      | 1089 ||| STAIRDANCE
  1093 | D:2      | 1093 ||| STAIRDANCE
  1097 | D:2      | 1097 ||| STAIRDANCE
  1151 | D:2      | 1151 ||| DROPPING +0 club.
  1278 | D:2      | Noticed Robin
  1290 | D:2      | Killed Robin
  1308 | D:2      | Reached skill level 4 in Axes
  1421 | D:2      | 1421 ||| Stepping ~*~*~tactically~*~*~ (hiding).
  1437 | D:2      | Reached XP level 5. HP: 18/32 MP: 5/5
  1534 | D:2      | 1534 ||| Stepping ~*~*~tactically~*~*~ (hiding).
  1576 | D:2      | 1576 ||| Stepping ~*~*~tactically~*~*~ (stealth).
  1662 | D:2      | 1662 ||| Stepping ~*~*~tactically~*~*~ (hiding).
  1664 | D:2      | 1664 ||| Stepping ~*~*~tactically~*~*~ (hiding).
  1775 | D:2      | 1775 ||| UPGRADING to +0 helmet.
  1780 | D:2      | 1780 ||| DROPPING amulet of magic regeneration.
  1781 | D:2      | 1781 ||| READING 2 scrolls labelled VIEMMO WODEFID.
  1782 | D:2      | 1782 ||| DRINKING 2 bubbling puce potions.
  1825 | D:2      | 1825 ||| DROPPING scroll of poison.
  1929 | D:2      | Found Awues's Distillery.
  1938 | D:2      | 1938 ||| BUYING potion of curing (30 gold).
  1938 | D:2      | Bought a potion of curing for 30 gold pieces
  1938 | D:2      | 1938 ||| SHOPLISTING potion of experience (500 gold, have
                  | 90).
  1938 | D:2      | 1938 ||| BUYING potion of heal wounds (50 gold).
  1938 | D:2      | Bought a potion of heal wounds for 50 gold pieces
  1938 | D:2      | 1938 ||| BUYING potion of lignification (30 gold).
  1938 | D:2      | Bought a potion of lignification for 30 gold pieces
  2104 | D:2      | 2104 ||| READING scroll labelled KAMUINLOSME.
  2158 | D:3      | 2158 ||| STAIRDANCE
  2223 | D:3      | 2223 ||| STAIRDANCE
  2416 | D:3      | 2416 ||| Stepping ~*~*~tactically~*~*~ (stealth).
  2434 | D:3      | Reached skill level 5 in Axes
  2511 | D:3      | 2511 ||| Stepping ~*~*~tactically~*~*~ (stealth).
  2673 | D:3      | Reached XP level 6. HP: 38/38 MP: 6/6
  2676 | D:3      | Found a faded altar of an unknown god.
  2999 | D:3      | 2999 ||| UPGRADING to +0 chain mail.
  3009 | D:3      | 3009 ||| DROPPING +0 scale mail.
  3010 | D:3      | 3010 ||| DROPPING amulet of faith.
  3011 | D:3      | 3011 ||| READING 2 scrolls of identify.
  3011 | D:3      | 3011 ||| IDENTIFYING bubbling brown potion
  3012 | D:3      | 3012 ||| DROPPING potion of brilliance.
  3045 | D:4      | 3045 ||| STAIRDANCE
  3248 | D:4      | Found a staircase to the Ecumenical Temple.
  3249 | D:4      | 3249 ||| PLANNING TEMPLE
  3267 | Temple   | Entered the Ecumenical Temple
  3431 | Temple   | 3431 ||| PLANNING D:1-11
  3457 | D:4      | Found an iron altar of Okawaru.
  3458 | D:4      | 3458 ||| PLANNING OKAWARU WORSHIP
  3475 | D:4      | Became a worshipper of Warmaster Okawaru
  3475 | D:4      | 3475 ||| PLANNING D:1-11
  3541 | D:4      | 3541 ||| Stepping ~*~*~tactically~*~*~ (stealth).
  3550 | D:4      | Found a stormy altar of Qazlal.
  3668 | D:4      | Found a shimmering altar of Xom.
  3711 | D:4      | Reached skill level 6 in Axes
  3711 | D:4      | Reached XP level 7. HP: 24/43 MP: 7/7
  3960 | D:4      | 3960 ||| UPGRADING to +0 pair of gloves.
  3965 | D:4      | 3965 ||| UPGRADING to +5 ring of evasion.
  3969 | D:5      | Entered Level 5 of the Dungeon
  4031 | D:5      | Reached skill level 1 in Dodging
  4083 | D:5      | Found a white marble altar of Elyvilon.
  4131 | D:5      | Found a transporter.
  4145 | D:5      | Found the +7 Kryia's mail coat {PotionHeal*2 rC+}
  4267 | D:5      | Reached * piety under Okawaru
  4268 | D:5      | Reached skill level 7 in Axes
  4313 | D:5      | 4313 ||| INVOKING Heroism.
  4314 | D:5      | 4314 ||| INVOKING Heroism.
  4414 | D:5      | Found a transporter.
  4467 | D:5      | 4467 ||| Stepping ~*~*~tactically~*~*~ (stealth).
  4546 | D:5      | 4546 ||| INVOKING Heroism.
  4626 | D:5      | Reached XP level 8. HP: 49/49 MP: 8/8
  4739 | D:5      | 4739 ||| Stepping ~*~*~tactically~*~*~ (hiding).
  4740 | D:5      | 4740 ||| Stepping ~*~*~tactically~*~*~ (hiding).
  4741 | D:5      | 4741 ||| Stepping ~*~*~tactically~*~*~ (hiding).
  4791 | D:5      | 4791 ||| UPGRADING to +7 Kryia's mail coat {PotionHeal*2
                  | rC+}.
  4801 | D:5      | 4801 ||| DROPPING +0 chain mail.
  4802 | D:5      | 4802 ||| READING scroll labelled MOVOENG QURIUPT.
  4803 | D:5      | 4803 ||| READING 2 scrolls of identify.
  4803 | D:5      | 4803 ||| IDENTIFYING inky potion
  4812 | D:6      | 4812 ||| PLANNING OSSUARY
  4868 | D:6      | 4868 ||| Stepping ~*~*~tactically~*~*~ (stealth).
  5102 | D:6      | Found a sand-covered staircase.
  5103 | D:6      | 5103 ||| READING scroll labelled APYF GAOXENG.
  5109 | Ossuary  | Entered an ossuary
  5117 | Ossuary  | 5117 ||| Stepping ~*~*~tactically~*~*~ (stealth).
  5119 | Ossuary  | 5119 ||| Stepping ~*~*~tactically~*~*~ (stealth).
  5151 | Ossuary  | 5151 ||| Stepping ~*~*~tactically~*~*~ (stealth).
  5160 | Ossuary  | Reached skill level 1 in Invocations
  5255 | Ossuary  | 5255 ||| Stepping ~*~*~tactically~*~*~ (stealth).
  5265 | Ossuary  | 5265 ||| Stepping ~*~*~tactically~*~*~ (stealth).
  5287 | Ossuary  | Reached skill level 8 in Axes
  5345 | Ossuary  | 5345 ||| Stepping ~*~*~tactically~*~*~ (stealth).
  5346 | Ossuary  | 5346 ||| Stepping ~*~*~tactically~*~*~ (stealth).
  5357 | Ossuary  | 5357 ||| Stepping ~*~*~tactically~*~*~ (stealth).
  5358 | Ossuary  | 5358 ||| Stepping ~*~*~tactically~*~*~ (stealth).
  5471 | Ossuary  | 5471 ||| READING scroll labelled TUYKUN BAUDI.
  5482 | D:6      | 5482 ||| PLANNING D:1-11
  5545 | D:6      | 5545 ||| INVOKING Heroism.
  5548 | D:6      | Reached skill level 3 in Invocations
  5664 | D:6      | 5664 ||| Stepping ~*~*~tactically~*~*~ (hiding).
  5666 | D:6      | 5666 ||| Stepping ~*~*~tactically~*~*~ (hiding).
  5920 | D:6      | Noticed Menkaure
  5921 | D:6      | 5921 ||| Stepping ~*~*~tactically~*~*~ (hiding).
  5923 | D:6      | 5923 ||| Stepping ~*~*~tactically~*~*~ (hiding).
  5926 | D:6      | 5926 ||| INVOKING Heroism.
  5930 | D:6      | Killed Menkaure
  5931 | D:6      | Reached skill level 6 in Fighting
  5979 | D:6      | Reached XP level 9. HP: 55/55 MP: 12/12
  6081 | D:6      | 6081 ||| READING scroll labelled CECSOWE YJAQ.
  6154 | D:7      | 6154 ||| INVOKING Heroism.
  6156 | D:7      | 6156 ||| DRINKING 6 potions of curing.
  6156 | D:7      | 6156 ||| (to cure confusion)
  6187 | D:7      | 6187 ||| Stepping ~*~*~tactically~*~*~ (stealth).
  6189 | D:7      | 6189 ||| Stepping ~*~*~tactically~*~*~ (stealth).
  6201 | D:7      | 6201 ||| Stepping ~*~*~tactically~*~*~ (hiding).
  6202 | D:7      | 6202 ||| Stepping ~*~*~tactically~*~*~ (hiding).
  6239 | D:7      | Reached skill level 9 in Axes
  6321 | D:7      | 6321 ||| Stepping ~*~*~tactically~*~*~ (stealth).
  6328 | D:7      | 6328 ||| INVOKING Heroism.
  6334 | D:7      | Reached ** piety under Okawaru
  6345 | D:7      | 6345 ||| INVOKING Heroism.
  6361 | D:7      | 6361 ||| SWAPPING to +3 war axe of freezing.
  6362 | D:7      | 6362 ||| DROPPING +1 heavy war axe.
  6373 | D:7      | 6373 ||| READING scroll of enchant weapon.
  6373 | D:7      | 6373 ||| ENCHANTING +3 war axe of freezing.
  6455 | D:7      | 6455 ||| Stepping ~*~*~tactically~*~*~ (hiding).
  6636 | D:7      | Noticed Joseph
  6637 | D:7      | 6637 ||| Stepping ~*~*~tactically~*~*~ (hiding).
  6653 | D:7      | 6653 ||| INVOKING Heroism.
  6654 | D:7      | Killed Joseph
  6655 | D:7      | Reached skill level 10 in Axes
  6655 | D:7      | Reached XP level 10. HP: 37/63 MP: 10/13
  6726 | D:7      | 6726 ||| Stepping ~*~*~tactically~*~*~ (stealth).
  6727 | D:7      | 6727 ||| Stepping ~*~*~tactically~*~*~ (stealth).
  6836 | D:7      | Noticed Pikel
  6854 | D:7      | Killed Pikel
  6918 | D:7      | 6918 ||| READING scroll of enchant weapon.
  6918 | D:7      | 6918 ||| ENCHANTING +4 war axe of freezing.
  6927 | D:7      | Found a runed translucent door.
  6928 | D:7      | Noticed qw's ghost (novice GrFi)
  7211 | D:7      | 7211 ||| READING scroll labelled XAUGYC WECUULA.
  7212 | D:7      | 7212 ||| READING scroll labelled DAV MUIKHLISH.
  7213 | D:7      | 7213 ||| READING 3 scrolls of identify.
  7213 | D:7      | 7213 ||| IDENTIFYING sedimented purple potion
  7214 | D:7      | 7214 ||| READING 2 scrolls of identify.
  7214 | D:7      | 7214 ||| IDENTIFYING fizzy blue potion
  7237 | D:8      | Reached *** piety under Okawaru
  7468 | D:8      | Noticed a gargoyle
  7469 | D:8      | 7469 ||| Stepping ~*~*~tactically~*~*~ (hiding).
  7471 | D:8      | Noticed a gargoyle
  7473 | D:8      | Noticed a gargoyle
  7478 | D:8      | Killed a gargoyle
  7483 | D:8      | 7483 ||| INVOKING Heroism.
  7485 | D:8      | Killed a gargoyle
  7492 | D:8      | Killed a gargoyle
  7493 | D:8      | Reached skill level 11 in Axes
  7502 | D:8      | Noticed a gargoyle
  7503 | D:8      | 7503 ||| Stepping ~*~*~tactically~*~*~ (stealth).
  7580 | D:8      | Noticed a gargoyle
  7581 | D:8      | 7581 ||| Stepping ~*~*~tactically~*~*~ (stealth).
  7586 | D:8      | 7586 ||| INVOKING Heroism.
  7590 | D:8      | Killed a gargoyle
  7590 | D:8      | Reached **** piety under Okawaru
  7740 | D:8      | 7740 ||| Stepping ~*~*~tactically~*~*~ (stealth).
  7758 | D:8      | Killed a gargoyle
  7759 | D:8      | Reached skill level 9 in Fighting
  7788 | D:8      | Found Ewuuf's Fire Supplies.
  7798 | D:8      | 7798 ||| BUYING +1 chain mail of fire resistance (264
                  | gold).
  7798 | D:8      | Bought a +1 chain mail of fire resistance for 264 gold
                  | pieces
  7798 | D:8      | 7798 ||| SHOPLISTING +2 war axe of flaming (292 gold, have
                  | 54).
  7798 | D:8      | 7798 ||| SHOPLISTING ring of fire (400 gold, have 54).
  7827 | D:8      | 7827 ||| DROPPING +0 flail.
  8153 | D:8      | 8153 ||| READING 2 scrolls of identify.
  8153 | D:8      | 8153 ||| IDENTIFYING sedimented white potion
  8171 | D:9      | Found a broken altar of Ashenzari.
  8173 | D:9      | 8173 ||| INVOKING Heroism.
  8180 | D:9      | Reached XP level 11. HP: 69/71 MP: 11/14
  8285 | D:9      | 8285 ||| INVOKING Heroism.
  8294 | D:9      | Received a gift from Okawaru
  8395 | D:9      | 8395 ||| Stepping ~*~*~tactically~*~*~ (hiding).
  8396 | D:9      | 8396 ||| Stepping ~*~*~tactically~*~*~ (hiding).
  8397 | D:9      | 8397 ||| Stepping ~*~*~tactically~*~*~ (hiding).
  8399 | D:9      | 8399 ||| Stepping ~*~*~tactically~*~*~ (hiding).
  8418 | D:9      | 8418 ||| Stepping ~*~*~tactically~*~*~ (stealth).
  8435 | D:9      | 8435 ||| Stepping ~*~*~tactically~*~*~ (hiding).
  8436 | D:9      | 8436 ||| INVOKING Heroism.
  8451 | D:9      | Reached skill level 6 in Invocations
  8501 | D:9      | Found a staircase to the Orcish Mines.
  8518 | D:9      | 8518 ||| INVOKING Heroism.
  8591 | D:9      | 8591 ||| Stepping ~*~*~tactically~*~*~ (stealth).
  8594 | D:9      | 8594 ||| Stepping ~*~*~tactically~*~*~ (stealth).
  8619 | D:9      | 8619 ||| Stepping ~*~*~tactically~*~*~ (stealth).
  8623 | D:9      | 8623 ||| Stepping ~*~*~tactically~*~*~ (stealth).
  8857 | D:9      | 8857 ||| INVOKING Heroism.
  9208 | D:9      | 9208 ||| Stepping ~*~*~tactically~*~*~ (hiding).
  9209 | D:9      | 9209 ||| Stepping ~*~*~tactically~*~*~ (hiding).
  9210 | D:9      | 9210 ||| Stepping ~*~*~tactically~*~*~ (hiding).
  9212 | D:9      | 9212 ||| Stepping ~*~*~tactically~*~*~ (hiding).
  9331 | D:9      | 9331 ||| READING 2 scrolls of identify.
  9331 | D:9      | 9331 ||| IDENTIFYING ruby potion
  9332 | D:9      | 9332 ||| DROPPING potion of berserk rage.
  9356 | D:10     | Entered Level 10 of the Dungeon
  9387 | D:10     | 9387 ||| Stepping ~*~*~tactically~*~*~ (stealth).
  9388 | D:10     | Noticed Lodul
  9389 | D:10     | 9389 ||| Stepping ~*~*~tactically~*~*~ (hiding).
  9391 | D:10     | 9391 ||| Stepping ~*~*~tactically~*~*~ (hiding).
  9402 | D:10     | Killed Lodul
  9403 | D:10     | Reached skill level 12 in Axes
  9561 | D:10     | 9561 ||| Stepping ~*~*~tactically~*~*~ (hiding).
  9562 | D:10     | 9562 ||| INVOKING Heroism.
  9569 | D:10     | 9569 ||| Stepping ~*~*~tactically~*~*~ (cloud).
  9570 | D:10     | 9570 ||| Stepping ~*~*~tactically~*~*~ (cloud).
  9607 | D:10     | Found an ornate altar of the Wu Jian Council.
  9684 | D:10     | 9684 ||| INVOKING Heroism.
  9690 | D:10     | Reached skill level 6 in Shields
  9691 | D:10     | Reached ***** piety under Okawaru
  9731 | D:10     | 9731 ||| Stepping ~*~*~tactically~*~*~ (stealth).
  9732 | D:10     | 9732 ||| Stepping ~*~*~tactically~*~*~ (stealth).
  9733 | D:10     | 9733 ||| Stepping ~*~*~tactically~*~*~ (stealth).
  9748 | D:10     | 9748 ||| INVOKING Heroism.
  9823 | D:10     | 9823 ||| DROPPING +1 flail of freezing.
  9862 | D:10     | 9862 ||| Stepping ~*~*~tactically~*~*~ (stealth).
  9863 | D:10     | 9863 ||| Stepping ~*~*~tactically~*~*~ (stealth).
  9963 | D:10     | Noticed a brown ugly thing
  9971 | D:10     | 9971 ||| INVOKING Heroism.
  9972 | D:10     | Killed a brown ugly thing
  9973 | D:10     | Reached skill level 9 in Invocations
  9973 | D:10     | Reached XP level 12. HP: 44/77 MP: 15/18
 10182 | D:11     | Noticed Grum
 10183 | D:11     | 10183 ||| INVOKING Heroism.
 10184 | D:11     | 10184 ||| INVOKING Finesse.
 10219 | D:11     | Killed Grum
 10312 | D:11     | Noticed a death yak
 10313 | D:11     | 10313 ||| INVOKING Heroism.
 10314 | D:11     | 10314 ||| INVOKING Finesse.
 10317 | D:11     | Noticed a death yak
 10318 | D:11     | Noticed a death yak
 10321 | D:11     | Noticed a death yak
 10321 | D:11     | Noticed a death yak
 10323 | D:11     | Killed a death yak
 10326 | D:11     | Noticed a death yak
 10330 | D:11     | Noticed a death yak
 10335 | D:11     | Killed a death yak
 10345 | D:11     | Killed a death yak
 10349 | D:11     | Killed a death yak
 10352 | D:11     | Killed a death yak
 10363 | D:11     | Killed a death yak
 10363 | D:11     | Received a gift from Okawaru
 10364 | D:11     | Reached skill level 13 in Axes
 10364 | D:11     | Killed a death yak
 10425 | D:11     | Found a staircase to the Lair.
 10521 | D:11     | Reached skill level 3 in Throwing
 10620 | D:11     | Noticed a two-headed ogre
 10625 | D:11     | 10625 ||| INVOKING Heroism.
 10630 | D:11     | HP: 11/77 [two-headed ogre/+0 giant spiked club (14)]
 10631 | D:11     | 10631 ||| READING 4 scrolls of teleportation.
 10632 | D:11     | 10632 ||| DRINKING 2 potions of heal wounds.
 10634 | D:11     | Killed a two-headed ogre
 10680 | D:11     | 10680 ||| READING scroll of brand weapon.
 10680 | D:11     | 10680 ||| BRANDING +5 war axe of freezing.
 10783 | D:11     | Found a frozen archway.
 10788 | D:11     | Reached skill level 6 in Armour
 11032 | D:11     | Noticed a boulder beetle
 11033 | D:11     | 11033 ||| INVOKING Heroism.
 11034 | D:11     | 11034 ||| INVOKING Finesse.
 11046 | D:11     | Killed a boulder beetle
 11085 | D:11     | 11085 ||| PLANNING LAIR
 11085 | D:11     | 11085 ||| UPGRADING to +0 buckler of cold resistance.
 11095 | D:11     | 11095 ||| DROPPING +0 buckler.
 11096 | D:11     | 11096 ||| UPGRADING to +1 pair of boots.
 11101 | D:11     | 11101 ||| DRINKING 2 cyan potions.
 11102 | D:11     | 11102 ||| DROPPING potion of degeneration.
 11128 | Lair:1   | Entered Level 1 of the Lair of Beasts
 11129 | Lair:1   | 11129 ||| INVOKING Heroism.
 11153 | Lair:1   | 11153 ||| Stepping ~*~*~tactically~*~*~ (stealth).
 11169 | Lair:1   | 11169 ||| Stepping ~*~*~tactically~*~*~ (stealth).
 11220 | Lair:1   | 11220 ||| INVOKING Heroism.
 11262 | Lair:1   | 11262 ||| INVOKING Heroism.
 11293 | Lair:1   | 11293 ||| INVOKING Heroism.
 11304 | Lair:1   | Reached skill level 14 in Axes
 11326 | Lair:1   | Reached XP level 13. HP: 80/82 MP: 20/20
 11529 | Lair:1   | 11529 ||| INVOKING Heroism.
 11773 | Lair:1   | 11773 ||| READING scroll labelled QAPPAO BYUTOHE.
 11774 | Lair:1   | 11774 ||| READING 3 scrolls of identify.
 11774 | Lair:1   | 11774 ||| IDENTIFYING puce potion
 11806 | Lair:2   | 11806 ||| INVOKING Heroism.
 11828 | Lair:2   | 11828 ||| READING scroll of brand weapon.
 11828 | Lair:2   | 11828 ||| BRANDING +5 war axe of electrocution.
 11921 | Lair:2   | 11921 ||| Stepping ~*~*~tactically~*~*~ (stealth).
 11923 | Lair:2   | 11923 ||| Stepping ~*~*~tactically~*~*~ (stealth).
 11961 | Lair:2   | 11961 ||| INVOKING Heroism.
 12053 | Lair:2   | Found a hole to the Spider Nest.
 12138 | Lair:2   | 12138 ||| INVOKING Heroism.
 12160 | Lair:2   | Noticed Erica
 12161 | Lair:2   | 12161 ||| Stepping ~*~*~tactically~*~*~ (hiding).
 12162 | Lair:2   | 12162 ||| Stepping ~*~*~tactically~*~*~ (hiding).
 12169 | Lair:2   | 12169 ||| DRINKING 10 potions of curing.
 12169 | Lair:2   | 12169 ||| (to cure confusion)
 12173 | Lair:2   | 12173 ||| DRINKING 9 potions of curing.
 12173 | Lair:2   | 12173 ||| (to cure confusion)
 12176 | Lair:2   | Killed Erica
 12177 | Lair:2   | Reached skill level 3 in Dodging
 12353 | Lair:2   | 12353 ||| UPGRADING to +0 cloak.
 12423 | Lair:2   | Found a staircase to the Shoals.
 12498 | Lair:2   | 12498 ||| Stepping ~*~*~tactically~*~*~ (stealth).
 12574 | Lair:2   | 12574 ||| INVOKING Heroism.
 12845 | Lair:2   | 12845 ||| DRINKING 2 purple potions.
 12846 | Lair:2   | 12846 ||| DROPPING potion of flight.
 12885 | Lair:3   | 12885 ||| READING scroll of enchant weapon.
 12885 | Lair:3   | 12885 ||| ENCHANTING +5 war axe of draining.
 13094 | Lair:3   | 13094 ||| READING scroll of enchant weapon.
 13094 | Lair:3   | 13094 ||| ENCHANTING +6 war axe of draining.
 13394 | Lair:3   | 13394 ||| UPGRADING to ring of see invisible.
 13554 | Lair:4   | 13554 ||| Stepping ~*~*~tactically~*~*~ (hiding).
 13556 | Lair:4   | 13556 ||| Stepping ~*~*~tactically~*~*~ (hiding).
 13558 | Lair:4   | 13558 ||| Stepping ~*~*~tactically~*~*~ (hiding).
 13559 | Lair:4   | 13559 ||| Stepping ~*~*~tactically~*~*~ (hiding).
 13560 | Lair:4   | 13560 ||| Stepping ~*~*~tactically~*~*~ (hiding).
 13681 | Lair:4   | 13681 ||| Stepping ~*~*~tactically~*~*~ (stealth).
 13682 | Lair:4   | 13682 ||| Stepping ~*~*~tactically~*~*~ (stealth).
 13683 | Lair:4   | 13683 ||| Stepping ~*~*~tactically~*~*~ (stealth).
 13684 | Lair:4   | 13684 ||| Stepping ~*~*~tactically~*~*~ (stealth).
 13685 | Lair:4   | 13685 ||| Stepping ~*~*~tactically~*~*~ (stealth).
 13686 | Lair:4   | 13686 ||| INVOKING Heroism.
 13692 | Lair:4   | 13692 ||| SWAPPING to +0 morningstar.
 13703 | Lair:4   | 13703 ||| SWAPPING to +7 war axe of draining.
 13867 | Lair:4   | 13867 ||| INVOKING Heroism.
 13868 | Lair:4   | 13868 ||| Stepping ~*~*~tactically~*~*~ (stealth).
 13871 | Lair:4   | 13871 ||| Stepping ~*~*~tactically~*~*~ (stealth).
 13872 | Lair:4   | 13872 ||| Stepping ~*~*~tactically~*~*~ (stealth).
 13912 | Lair:4   | 13912 ||| Stepping ~*~*~tactically~*~*~ (stealth).
 13913 | Lair:4   | 13913 ||| Stepping ~*~*~tactically~*~*~ (stealth).
 13918 | Lair:4   | 13918 ||| Stepping ~*~*~tactically~*~*~ (stealth).
 13924 | Lair:4   | 13924 ||| Stepping ~*~*~tactically~*~*~ (stealth).
 13938 | Lair:4   | 13938 ||| Stepping ~*~*~tactically~*~*~ (stealth).
 13940 | Lair:4   | 13940 ||| INVOKING Heroism.
 13949 | Lair:4   | 13949 ||| SWAPPING to +0 morningstar.
 13957 | Lair:4   | 13957 ||| SWAPPING to +7 war axe of draining.
 13990 | Lair:4   | 13990 ||| Stepping ~*~*~tactically~*~*~ (stealth).
 13991 | Lair:4   | 13991 ||| Stepping ~*~*~tactically~*~*~ (stealth).
 13992 | Lair:4   | 13992 ||| Stepping ~*~*~tactically~*~*~ (stealth).
 14036 | Lair:4   | 14036 ||| INVOKING Heroism.
 14292 | Lair:4   | Found a staircase to the Slime Pits.
 14293 | Lair:4   | Found a viscous altar of Jiyva.
 14305 | Lair:4   | Reached skill level 15 in Axes
 14342 | Lair:4   | 14342 ||| INVOKING Heroism.
 14410 | Lair:4   | 14410 ||| INVOKING Heroism.
 14835 | Lair:5   | Entered Level 5 of the Lair of Beasts
 14881 | Lair:5   | 14881 ||| Stepping ~*~*~tactically~*~*~ (stealth).
 14895 | Lair:5   | 14895 ||| Stepping ~*~*~tactically~*~*~ (stealth).
 14905 | Lair:5   | Reached skill level 12 in Fighting
 14962 | Lair:5   | 14962 ||| INVOKING Heroism.
 14973 | Lair:5   | Gained mutation: Your large and strong wings let you fly.
                  | [Gargoyle growth]
 14973 | Lair:5   | Reached XP level 14. HP: 92/92 MP: 19/21
 14996 | Lair:5   | 14996 ||| Stepping ~*~*~tactically~*~*~ (stealth).
 15088 | Lair:5   | 15088 ||| INVOKING Heroism.
 15089 | Lair:5   | 15089 ||| INVOKING Finesse.
 15095 | Lair:5   | 15095 ||| Stepping ~*~*~tactically~*~*~ (stealth).
 15097 | Lair:5   | 15097 ||| SWAPPING to +0 morningstar.
 15101 | Lair:5   | 15101 ||| SWAPPING to +7 war axe of draining.
 15124 | Lair:5   | Received a gift from Okawaru
 15131 | Lair:5   | 15131 ||| Stepping ~*~*~tactically~*~*~ (stealth).
 15148 | Lair:5   | 15148 ||| INVOKING Finesse.
 15154 | Lair:5   | 15154 ||| INVOKING Heroism.
 15175 | Lair:5   | 15175 ||| INVOKING Finesse.
 15240 | Lair:5   | 15240 ||| Stepping ~*~*~tactically~*~*~ (stealth).
 15279 | Lair:5   | Reached skill level 16 in Axes
 15290 | Lair:5   | 15290 ||| Stepping ~*~*~tactically~*~*~ (hiding).
 15292 | Lair:5   | 15292 ||| Stepping ~*~*~tactically~*~*~ (hiding).
 15330 | Lair:5   | 15330 ||| Stepping ~*~*~tactically~*~*~ (hiding).
 15333 | Lair:5   | 15333 ||| Stepping ~*~*~tactically~*~*~ (hiding).
 15334 | Lair:5   | 15334 ||| Stepping ~*~*~tactically~*~*~ (hiding).
 15419 | Lair:5   | 15419 ||| INVOKING Heroism.
 15420 | Lair:5   | 15420 ||| INVOKING Finesse.
 15436 | Lair:5   | Received a gift from Okawaru
 15440 | Lair:5   | 15440 ||| SWAPPING to +0 morningstar.
 15454 | Lair:5   | HP: 12/92 [death yak (16)]
 15455 | Lair:5   | 15455 ||| READING 4 scrolls of teleportation.
 15456 | Lair:5   | 15456 ||| DRINKING potion of heal wounds.
 15466 | Lair:5   | Reached skill level 9 in Armour
 15466 | Lair:5   | 15466 ||| SWAPPING to +7 war axe of draining.
 15707 | Lair:5   | 15707 ||| Stepping ~*~*~tactically~*~*~ (stealth).
 15708 | Lair:5   | 15708 ||| Stepping ~*~*~tactically~*~*~ (stealth).
 15796 | Lair:5   | 15796 ||| INVOKING Heroism.
 15808 | Lair:5   | 15808 ||| INVOKING Finesse.
 15863 | Lair:5   | 15863 ||| READING 3 scrolls of enchant weapon.
 15863 | Lair:5   | 15863 ||| ENCHANTING +7 war axe of draining.
 15864 | Lair:5   | 15864 ||| READING 2 scrolls of enchant weapon.
 15864 | Lair:5   | 15864 ||| ENCHANTING +8 war axe of draining.
 15967 | Lair:5   | Found a runed translucent door.
 15968 | Lair:5   | 15968 ||| INVOKING Heroism.
 16036 | Lair:5   | 16036 ||| INVOKING Heroism.
 16050 | Lair:5   | 16050 ||| Stepping ~*~*~tactically~*~*~ (stealth).
 16052 | Lair:5   | 16052 ||| Stepping ~*~*~tactically~*~*~ (hiding).
 16053 | Lair:5   | 16053 ||| Stepping ~*~*~tactically~*~*~ (stealth).
 16074 | Lair:5   | 16074 ||| INVOKING Heroism.
 16197 | Lair:5   | 16197 ||| INVOKING Heroism.
 16310 | Lair:5   | 16310 ||| INVOKING Heroism.
 16489 | Lair:5   | 16489 ||| Stepping ~*~*~tactically~*~*~ (hiding).
 16605 | Lair:5   | 16605 ||| Stepping ~*~*~tactically~*~*~ (stealth).
 16610 | Lair:5   | 16610 ||| Stepping ~*~*~tactically~*~*~ (stealth).
 16638 | Lair:5   | 16638 ||| Stepping ~*~*~tactically~*~*~ (hiding).
 16747 | Lair:5   | 16747 ||| Stepping ~*~*~tactically~*~*~ (hiding).
 16749 | Lair:5   | 16749 ||| Stepping ~*~*~tactically~*~*~ (hiding).
 16765 | Lair:5   | 16765 ||| Stepping ~*~*~tactically~*~*~ (stealth).
 16766 | Lair:5   | 16766 ||| Stepping ~*~*~tactically~*~*~ (stealth).
 16778 | Lair:5   | 16778 ||| Stepping ~*~*~tactically~*~*~ (hiding).
 16784 | Lair:5   | 16784 ||| Stepping ~*~*~tactically~*~*~ (stealth).
 16792 | Lair:5   | 16792 ||| INVOKING Heroism.
 16837 | Lair:5   | Identified the +7 rapier "Xaratug" {flame, rPois}
 16916 | Lair:5   | 16916 ||| PLANNING D
 16916 | Lair:5   | 16916 ||| READING scroll labelled DITISTR ZUTE.
 17062 | D:12     | Found Owiac's Assorted Antiques.
 17067 | D:12     | 17067 ||| BUYING crude lead ring (145 gold).
 17067 | D:12     | Bought a crude lead ring for 145 gold pieces
 17067 | D:12     | Identified the ring of the Chupacabra {rC+ MP+9 Int+8 Dex-3
                  | Slay+3} (You bought it in a shop on level 12 of the
                  | Dungeon)
 17067 | D:12     | 17067 ||| BUYING potion of curing (87 gold).
 17067 | D:12     | Bought a potion of curing for 87 gold pieces
 17067 | D:12     | 17067 ||| BUYING runed morningstar (203 gold).
 17067 | D:12     | Bought a runed morningstar for 203 gold pieces
 17067 | D:12     | 17067 ||| BUYING scroll of identify (58 gold).
 17067 | D:12     | Bought a scroll of identify for 58 gold pieces
 17067 | D:12     | 17067 ||| DROPPING +0 morningstar.
 17107 | D:12     | 17107 ||| Stepping ~*~*~tactically~*~*~ (stealth).
 17108 | D:12     | 17108 ||| Stepping ~*~*~tactically~*~*~ (stealth).
 17291 | D:12     | 17291 ||| Stepping ~*~*~tactically~*~*~ (stealth).
 17299 | D:12     | 17299 ||| Stepping ~*~*~tactically~*~*~ (stealth).
 17455 | D:12     | 17455 ||| INVOKING Heroism.
 17671 | D:12     | 17671 ||| Stepping ~*~*~tactically~*~*~ (hiding).
 17674 | D:12     | 17674 ||| Stepping ~*~*~tactically~*~*~ (hiding).
 17686 | D:12     | 17686 ||| Stepping ~*~*~tactically~*~*~ (hiding).
 17971 | D:12     | 17971 ||| DROPPING orb of energy.
 18036 | D:13     | 18036 ||| Stepping ~*~*~tactically~*~*~ (hiding).
 18043 | D:13     | Found a gate to the Vaults.
 18058 | D:13     | Reached XP level 15. HP: 83/98 MP: 22/22
 18107 | D:13     | Noticed Kirke
 18108 | D:13     | 18108 ||| Stepping ~*~*~tactically~*~*~ (stealth).
 18109 | D:13     | 18109 ||| Stepping ~*~*~tactically~*~*~ (stealth).
 18111 | D:13     | 18111 ||| INVOKING Heroism.
 18122 | D:13     | 18122 ||| DRINKING potion of cancellation.
 18124 | D:13     | Killed Kirke
 18304 | D:13     | Reached skill level 9 in Shields
 18340 | D:13     | 18340 ||| Stepping ~*~*~tactically~*~*~ (hiding).
 18341 | D:13     | 18341 ||| Stepping ~*~*~tactically~*~*~ (hiding).
 18343 | D:13     | 18343 ||| Stepping ~*~*~tactically~*~*~ (hiding).
 18638 | D:14     | Identified the +0 pair of gloves "Kiownit" {Str+3} (Okawaru
                  | gifted it to you on level 14 of the Dungeon)
 18638 | D:14     | Received a gift from Okawaru
 18868 | D:14     | Noticed Snorg
 18869 | D:14     | 18869 ||| INVOKING Heroism.
 18870 | D:14     | 18870 ||| INVOKING Finesse.
 18871 | D:14     | 18871 ||| READING 4 scrolls of teleportation.
 18922 | D:14     | 18922 ||| Stepping ~*~*~tactically~*~*~ (stealth).
 18923 | D:14     | 18923 ||| Stepping ~*~*~tactically~*~*~ (stealth).
 18930 | D:14     | 18930 ||| Stepping ~*~*~tactically~*~*~ (stealth).
 19001 | D:14     | Found Goel's General Store.
 19010 | D:14     | 19010 ||| BUYING +4 ring of protection (468 gold).
 19010 | D:14     | Bought a +4 ring of protection for 468 gold pieces
 19010 | D:14     | 19010 ||| BUYING potion of attraction (39 gold).
 19010 | D:14     | Bought a potion of attraction for 39 gold pieces
 19322 | D:14     | 19322 ||| Stepping ~*~*~tactically~*~*~ (stealth).
 19335 | D:14     | 19335 ||| INVOKING Heroism.
 19340 | D:14     | Killed Snorg
 19364 | D:14     | 19364 ||| UPGRADING to +0 pair of gloves "Kiownit" {Str+3}.
 19374 | D:14     | 19374 ||| DROPPING +0 pair of gloves.
 19411 | D:15     | Entered Level 15 of the Dungeon
 19423 | D:15     | 19423 ||| INVOKING Heroism.
 19484 | D:15     | Found a staircase to the Depths.
 19485 | D:15     | 19485 ||| Stepping ~*~*~tactically~*~*~ (hiding).
 19496 | D:15     | 19496 ||| INVOKING Heroism.
 19727 | D:15     | Found an iron altar of Okawaru.
 19728 | D:15     | 19728 ||| Stepping ~*~*~tactically~*~*~ (stealth).
 19760 | D:15     | 19760 ||| Stepping ~*~*~tactically~*~*~ (hiding).
 19782 | D:15     | 19782 ||| Stepping ~*~*~tactically~*~*~ (stealth).
 19847 | D:15     | 19847 ||| Stepping ~*~*~tactically~*~*~ (hiding).
 19926 | D:15     | 19926 ||| INVOKING Heroism.
 19969 | D:15     | Reached skill level 6 in Throwing
 19975 | D:15     | 19975 ||| INVOKING Heroism.
 20163 | D:15     | Found a runed translucent door.
 20508 | D:15     | Reached skill level 15 in Fighting
 20634 | D:15     | 20634 ||| INVOKING Heroism.
 20844 | D:15     | 20844 ||| PLANNING ORC
 21012 | Orc:1    | Entered Level 1 of the Orcish Mines
 21108 | Orc:2    | Entered Level 2 of the Orcish Mines
 21114 | Orc:2    | Noticed an orc warlord
 21115 | Orc:2    | 21115 ||| INVOKING Heroism.
 21140 | Orc:2    | HP: 25/103 [orc priest/divine providence (12)]
 21141 | Orc:2    | 21141 ||| READING 3 scrolls of teleportation.
 21142 | Orc:2    | 21142 ||| DRINKING 3 potions of heal wounds.
 21143 | Orc:2    | Killed an orc warlord
 21264 | Orc:2    | 21264 ||| Stepping ~*~*~tactically~*~*~ (hiding).
 21270 | Orc:2    | 21270 ||| Stepping ~*~*~tactically~*~*~ (hiding).
 21299 | Orc:2    | 21299 ||| INVOKING Heroism.
 21339 | Orc:2    | 21339 ||| Stepping ~*~*~tactically~*~*~ (hiding).
 21342 | Orc:2    | 21342 ||| INVOKING Heroism.
 21354 | Orc:2    | 21354 ||| Stepping ~*~*~tactically~*~*~ (hiding).
 21355 | Orc:2    | 21355 ||| Stepping ~*~*~tactically~*~*~ (hiding).
 21359 | Orc:2    | 21359 ||| Stepping ~*~*~tactically~*~*~ (hiding).
 21369 | Orc:2    | 21369 ||| INVOKING Heroism.
 21387 | Orc:2    | Found Miuf's Magic Scroll Shoppe.
 21387 | Orc:2    | Found Baarr's Book Emporium.
 21387 | Orc:2    | Found Entamer's Distillery.
 21394 | Orc:2    | 21394 ||| Stepping ~*~*~tactically~*~*~ (hiding).
 21403 | Orc:2    | 21403 ||| Stepping ~*~*~tactically~*~*~ (stealth).
 21408 | Orc:2    | 21408 ||| Stepping ~*~*~tactically~*~*~ (hiding).
 21420 | Orc:2    | 21420 ||| Stepping ~*~*~tactically~*~*~ (hiding).
 21422 | Orc:2    | 21422 ||| INVOKING Heroism.
 21440 | Orc:2    | 21440 ||| Stepping ~*~*~tactically~*~*~ (stealth).
 21441 | Orc:2    | 21441 ||| Stepping ~*~*~tactically~*~*~ (stealth).
 21444 | Orc:2    | 21444 ||| Stepping ~*~*~tactically~*~*~ (stealth).
 21453 | Orc:2    | Found Loniag's Antique Weapon Shoppe.
 21512 | Orc:2    | 21512 ||| BUYING scroll of enchant armour (105 gold).
 21512 | Orc:2    | Bought a scroll of enchant armour for 105 gold pieces
 21512 | Orc:2    | 21512 ||| BUYING scroll of enchant weapon (105 gold).
 21512 | Orc:2    | Bought a scroll of enchant weapon for 105 gold pieces
 21512 | Orc:2    | 21512 ||| BUYING scroll of teleportation (42 gold).
 21512 | Orc:2    | Bought a scroll of teleportation for 42 gold pieces
 21512 | Orc:2    | 21512 ||| READING scroll of enchant armour.
 21512 | Orc:2    | 21512 ||| ENCHANTING +0 helmet.
 21515 | Orc:2    | 21515 ||| BUYING 2 potions of haste (340 gold).
 21515 | Orc:2    | Bought 2 potions of haste for 340 gold pieces
 21515 | Orc:2    | 21515 ||| BUYING potion of curing (51 gold).
 21515 | Orc:2    | Bought a potion of curing for 51 gold pieces
 21515 | Orc:2    | 21515 ||| SHOPLISTING potion of heal wounds (85 gold, have
                  | 72).
 21515 | Orc:2    | 21515 ||| SHOPLISTING potion of magic (136 gold, have 72).
 21515 | Orc:2    | 21515 ||| BUYING potion of might (68 gold).
 21515 | Orc:2    | Bought a potion of might for 68 gold pieces
 21677 | Orc:2    | 21677 ||| Stepping ~*~*~tactically~*~*~ (hiding).
 21680 | Orc:2    | 21680 ||| Stepping ~*~*~tactically~*~*~ (stealth).
 21756 | Orc:2    | 21756 ||| Stepping ~*~*~tactically~*~*~ (stealth).
 21759 | Orc:2    | Found a burning altar of Makhleb.
 21761 | Orc:2    | 21761 ||| Stepping ~*~*~tactically~*~*~ (hiding).
 21762 | Orc:2    | 21762 ||| Stepping ~*~*~tactically~*~*~ (hiding).
 21763 | Orc:2    | 21763 ||| Stepping ~*~*~tactically~*~*~ (hiding).
 21764 | Orc:2    | 21764 ||| Stepping ~*~*~tactically~*~*~ (hiding).
 21766 | Orc:2    | 21766 ||| Stepping ~*~*~tactically~*~*~ (hiding).
 21836 | Orc:2    | 21836 ||| UPGRADING to +2 plate armour of fire resistance.
 21846 | Orc:2    | 21846 ||| DROPPING +1 chain mail of fire resistance.
 21847 | Orc:2    | 21847 ||| DROPPING +0 plate armour.
 21869 | Orc:1    | 21869 ||| INVOKING Heroism.
 21874 | Orc:1    | 21874 ||| Stepping ~*~*~tactically~*~*~ (hiding).
 21880 | Orc:1    | 21880 ||| Stepping ~*~*~tactically~*~*~ (hiding).
 21897 | Orc:1    | 21897 ||| Stepping ~*~*~tactically~*~*~ (stealth).
 22046 | Orc:1    | 22046 ||| DRINKING 13 potions of curing.
 22046 | Orc:1    | 22046 ||| (to cure confusion)
 22167 | Orc:1    | 22167 ||| INVOKING Heroism.
 22258 | Orc:2    | Found a staircase to the Elven Halls.
 22491 | Orc:2    | 22491 ||| PLANNING SHOALS:1-3
 22491 | Orc:2    | 22491 ||| PLANNING LAIR
 22666 | Lair:5   | Reached XP level 16. HP: 89/108 MP: 23/23
 22753 | Lair:5   | 22753 ||| PLANNING SHOALS:1-3
 22840 | Shoals:1 | Entered Level 1 of the Shoals
 22840 | Shoals:1 | Noticed Aizul
 22841 | Shoals:1 | 22841 ||| INVOKING Heroism.
 22855 | Shoals:1 | 22855 ||| STAIRDANCE
 22866 | Lair:2   | Killed Aizul
 23038 | Shoals:1 | 23038 ||| STAIRDANCE
 23045 | Lair:2   | 23045 ||| INVOKING Heroism.
 23058 | Lair:2   | Reached skill level 12 in Armour
 23246 | Shoals:1 | 23246 ||| Stepping ~*~*~tactically~*~*~ (hiding).
 23248 | Shoals:1 | 23248 ||| Stepping ~*~*~tactically~*~*~ (stealth).
 23251 | Shoals:1 | 23251 ||| Stepping ~*~*~tactically~*~*~ (hiding).
 23252 | Shoals:1 | 23252 ||| Stepping ~*~*~tactically~*~*~ (hiding).
 23278 | Shoals:1 | 23278 ||| INVOKING Heroism.
 23294 | Shoals:1 | Received a gift from Okawaru
 23400 | Shoals:1 | 23400 ||| Stepping ~*~*~tactically~*~*~ (stealth).
 23428 | Shoals:1 | 23428 ||| Stepping ~*~*~tactically~*~*~ (stealth).
 23429 | Shoals:1 | 23429 ||| Stepping ~*~*~tactically~*~*~ (stealth).
 23694 | Shoals:1 | 23694 ||| INVOKING Heroism.
 23705 | Shoals:1 | Received a gift from Okawaru
 23830 | Shoals:1 | 23830 ||| INVOKING Heroism.
 23981 | Shoals:1 | 23981 ||| INVOKING Heroism.
 24055 | Shoals:1 | Noticed a kraken
 24084 | Shoals:1 | 24084 ||| DROPPING +1 pair of boots.
 24085 | Shoals:1 | 24085 ||| UPGRADING to amulet of the acrobat.
 24092 | Shoals:1 | 24092 ||| INVOKING Heroism.
 24095 | Shoals:1 | Killed a kraken
 24471 | Shoals:1 | Found Dobaud's General Store.
 24480 | Shoals:1 | 24480 ||| READING scroll of enchant armour.
 24480 | Shoals:1 | 24480 ||| ENCHANTING +2 plate armour of fire resistance.
 24489 | Shoals:1 | 24489 ||| BUYING scroll of brand weapon (123 gold).
 24489 | Shoals:1 | Bought a scroll of brand weapon for 123 gold pieces
 24489 | Shoals:1 | 24489 ||| BUYING scroll of teleportation (39 gold).
 24489 | Shoals:1 | Bought a scroll of teleportation for 39 gold pieces
 24489 | Shoals:1 | 24489 ||| READING scroll of brand weapon.
 24489 | Shoals:1 | 24489 ||| BRANDING +9 war axe of draining.
 24611 | Shoals:1 | 24611 ||| INVOKING Heroism.
 24656 | Shoals:2 | 24656 ||| Stepping ~*~*~tactically~*~*~ (hiding).
 24657 | Shoals:2 | 24657 ||| Stepping ~*~*~tactically~*~*~ (hiding).
 24663 | Shoals:2 | 24663 ||| INVOKING Heroism.
 24663 | Shoals:2 | Noticed Ilsuiw
 24691 | Shoals:2 | Killed Ilsuiw
 24843 | Shoals:2 | Identified the ring of Trepidation {rF+ rC+ AC+4 Str+3}
 24971 | Shoals:2 | 24971 ||| INVOKING Heroism.
 25003 | Shoals:2 | 25003 ||| INVOKING Heroism.
 25042 | Shoals:2 | 25042 ||| INVOKING Heroism.
 25301 | Shoals:2 | Noticed a kraken
 25312 | Shoals:2 | 25312 ||| INVOKING Heroism.
 25327 | Shoals:2 | Killed a kraken
 25328 | Shoals:2 | Reached skill level 15 in Armour
 25620 | Shoals:2 | Noticed a kraken
 25621 | Shoals:2 | 25621 ||| DROPPING ring of ice.
 25622 | Shoals:2 | 25622 ||| DROPPING +4 ring of protection.
 25629 | Shoals:2 | Killed a kraken
 25692 | Shoals:2 | 25692 ||| UPGRADING to ring of Trepidation {rF+ rC+ AC+4
                  | Str+3}.
 25694 | Shoals:2 | 25694 ||| UPGRADING to +5 ring of evasion.
 25696 | Shoals:2 | 25696 ||| DROPPING ring of see invisible.
 25699 | Shoals:2 | Found a runed translucent door.
 25708 | Shoals:2 | Noticed a kraken
 25715 | Shoals:2 | 25715 ||| INVOKING Heroism.
 25716 | Shoals:2 | HP: 25/108 [merfolk aquamancer/shard of ice (36)]
 25717 | Shoals:2 | 25717 ||| READING 6 scrolls of teleportation.
 25717 | Shoals:2 | HP: 8/108 [kraken (17)]
 25718 | Shoals:2 | 25718 ||| DRINKING 3 potions of heal wounds.
 25719 | Shoals:2 | HP: 3/108 [kraken (29)]
 25719 | Shoals:2 | Mangled by a kraken

Levels and vault maps discovered:
D:1:      sevenhm_arrival_forest_fort_large_2, layout_rooms, dk_noncrumbling_3,
          chequers_serial_rivers_small_b,
          nicolae_concentric_dashed_squares_wild, serial_park_tiny_2,
          nrook_campfire
D:2:      minmay_chambers_of_ones, layout_loops_ring, serial_shops, shop,
          ebering_dispersal_statue_hall, uniq_robin
D:3:      layout_loops_ring, shapermc_ecumenical_altar_venn,
          nicolae_elevator_lobby_plus
D:4:      layout_rooms, nicolae_overflow_crystal_walls,
          okawaru_altar_gauntlet_db, mainiacjoe_overflow_surrounded_room,
          minmay_temple_entry_statues_fountains
D:5:      gammafunk_wand_slinger, layout_basic, lemuel_crystal_altar
D:6:      layout_basic, nicolae_ossuary_entry_monument, uniq_menkaure
D:7:      layout_loops_corners, gammafunk_ghost_grave, dreamdust_gnoll_shepherd,
          uniq_joseph, uniq_pikel
D:8:      cheibrodos_statue_roulette, layout_loops_ring, nicolae_shop_fire_sale
          [nicolae_sub_dead_trees]
D:9:      layout_cave_pools, cheibrodos_ashenzari_chains, david_orc_1_choice,
          serial_bayou_pond_c, dk_vineyard_3, minmay_three_doors
D:10:     layout_rooms, mainiacjoe_overflow_concentric_impassable,
          hangedman_decor_clover_reticule, grunt_decor_clamped,
          chequers_mini_garden, uniq_lodul
D:11:     layout_roguey, dpeg_lair_monsters, portal_ice_cave_entry_imps,
          kennysheep_windowed_goal, uniq_grum
D:12:     layout_long_grid, serial_shops,
          nicolae_shop_competitors_out_of_business
D:13:     layout_long_grid, david_vaults_2, skrybe_limestone_x, uniq_kirke
D:14:     layout_loops_ring, serial_shops, shop, uniq_snorg
D:15:     gammafunk_depths_entry_grave, layout_loops_ring, basic_altar,
          lightli_airlock
Temple:   nicolae_temple_slightly_damp_pantheon
Lair:1:   layout_misc_corridors, grunt_megastairs_2
Lair:2:   layout_regular_city, nicolae_shoals_entry_roost, spider_nest_entry_a,
          serial_bayou_shore_a, serial_bayou_shore_b, uniq_erica
Lair:3:   layout_gridlike
Lair:4:   layout_cave_pods, minmay_slime_entry_pillars, serial_bayou_pond_c
Lair:5:   wormcave, layout_misc_corridors, guppyfry_lair_end_dragon,
          infiniplex_staircase_pool
Shoals:1: layout_shoals, serial_shops, nicolae_shop_stone, centaur_isle,
          uniq_aizul
Shoals:2: nicolae_shoals_lighthouse, layout_shoals, uniq_ilsuiw
Orc:1:    layout_diamond_mine
Orc:2:    st_orc_mages, layout_caves, bloody_makhleb

Skill      XL: |  1  2  3  4  5  6  7  8  9 10 11 12 13 14 15 16 |
---------------+-------------------------------------------------+-----
Axes           | 2 3 4 5 6 7 8 10 11 12 14 15 16 | 16.0
Throwing       | 1 2 3 5 6 7 |  7.4
Fighting       | 4 5 6 7 9 10 12 13 15 | 15.0
Dodging        | 1 2 3 4 |  4.0
Invocations    | 4 5 9 10 | 10.1
Shields        | 4 5 6 7 8 9 10 | 10.1
Armour         | 5 6 8 9 11 15 | 15.0

Action                     |  1- 3 |  4- 6 |  7- 9 | 10-12 | 13-15 | 16-18 || total
---------------------------+-------+-------+-------+-------+-------+-------++-------
  Melee: War axe           |    51 |   192 |   320 |   500 |  1015 |   290 ||  2368
         Morningstar       |       |       |       |       |    43 |       ||    43
  Throw: Javelin           |     6 |    35 |     9 |       |    32 |     9 ||    91
         Boomerang         |       |       |    52 |    59 |   209 |    28 ||   348
 Invoke: Heroism           |       |       |     8 |    19 |    38 |    14 ||    79
         Finesse           |       |       |       |     3 |     6 |       ||     9
    Use: Scroll            |     4 |     4 |     6 |     9 |    12 |     3 ||    38
         Potion            |       |     1 |     1 |     2 |     7 |     1 ||    12
   Stab: Distracted        |       |       |       |       |     1 |       ||     1
 Armour: Scale mail        |    32 |    91 |    95 |   150 |   381 |       ||   749
         Chain mail        |       |    42 |    22 |       |       |       ||    64
         Plate armour      |       |       |       |       |    15 |   227 ||   242
  Dodge: Dodged            |    30 |    99 |   192 |   259 |   518 |   204 ||  1302
  Block: Buckler           |    10 |    46 |    48 |   105 |   216 |    94 ||   519

Table legend:
 A = Non-vault XP
 B = Vault XP
 C = Vault XP percentage of total XP
 D = Non-vault monster count
 E = Vault monster count
 F = Vault count percentage of total count
                 A         B        C        D         E       F
            +---------+---------+-------+---------+---------+-------
      Total |  114555 |   54696 |  32.3 |     559 |     244 |  30.4
            +---------+---------+-------+---------+---------+-------
        D:1 |      36 |       0 |   0.0 |      17 |       0 |   0.0
        D:2 |     167 |      43 |  20.5 |      24 |      17 |  41.5
        D:3 |     163 |       0 |   0.0 |      24 |       0 |   0.0
        D:4 |     248 |      37 |  13.0 |      14 |       6 |  30.0
        D:5 |     598 |       0 |   0.0 |      18 |       0 |   0.0
        D:6 |     519 |     165 |  24.1 |      24 |       1 |   4.0
        D:7 |    1363 |    2114 |  60.8 |      24 |       7 |  22.6
        D:8 |    1110 |    2086 |  65.3 |      28 |       5 |  15.2
        D:9 |    1511 |    1529 |  50.3 |      36 |      12 |  25.0
       D:10 |    4653 |    1701 |  26.8 |      24 |       9 |  27.3
       D:11 |    3133 |    6619 |  67.9 |       8 |      25 |  75.8
       D:12 |    3776 |       0 |   0.0 |      16 |       0 |   0.0
       D:13 |    2427 |    3642 |  60.0 |       6 |       7 |  53.8
       D:14 |    5547 |     939 |  14.5 |      12 |       1 |   7.7
       D:15 |   15271 |    4335 |  22.1 |      34 |       8 |  19.0
     Lair:1 |    5953 |     827 |  12.2 |      25 |       2 |   7.4
     Lair:2 |    5219 |    2864 |  35.4 |      23 |       4 |  14.8
     Lair:3 |    1708 |       0 |   0.0 |       4 |       0 |   0.0
     Lair:4 |    9264 |     759 |   7.6 |      31 |       4 |  11.4
     Lair:5 |   19158 |   10450 |  35.3 |      50 |      35 |  41.2
   Shoals:1 |   18776 |    1644 |   8.1 |      32 |       6 |  15.8
   Shoals:2 |    6974 |    9780 |  58.4 |      17 |      16 |  48.5
      Orc:1 |    2470 |       0 |   0.0 |      31 |       0 |   0.0
      Orc:2 |    4511 |    4781 |  51.5 |      37 |      40 |  51.9
    Ossuary |       0 |     381 | 100.0 |       0 |      39 | 100.0
            +---------+---------+-------+---------+---------+-------
